 Dungeon Crawl Stone Soup version 0.29.1-14-g9c671dbff4 (webtiles) character file.

Game seed: 16339127399448046557

29 Wobber the Shield-Bearer (level 3, -1/28 HPs)
             Began as a Gnoll Wanderer on Feb 15, 2023.
             Was a Believer of Uskayaw.
             Slain by an orc priest
             ... wielding a +0 mace
              (4 damage)
             ... on level 2 of the Dungeon.
             The game lasted 00:04:41 (1491 turns).

Wobber the Shield-Bearer (Gnoll Wanderer)           Turns: 1491, Time: 00:04:42

Health: -1/28      AC:  3    Str: 14    XL:     3   Next: 16%
Magic:  7/7        EV: 10    Int: 10    God:    Uskayaw [**....]
Gold:   70         SH:  5    Dex: 11    Spells: 6/7 levels left

rFire   . . .      SeeInvis .   f - +0 long sword
rCold   . . .      Faith    .   b - +0 buckler
rNeg    . . .      Spirit   .   d - +0 leather armour
rPois   .          Reflect  .   (no helmet)
rElec   .          Harm     .   (no cloak)
rCorr   .          Rampage  .   (no gloves)
Will    .....                   (no boots)
Stlth   +.........              (no amulet)
HPRegen 0.09/turn               (no ring)
MPRegen 0.10/turn               (no ring)

@: no status effects
A: fangs 1, strong nose, distributed training
a: Renounce Religion, Stomp, Line Pass


You were on level 2 of the Dungeon.
You worshipped Uskayaw.
Uskayaw was noncommittal.
You visited 1 branch of the dungeon, and saw 2 of its levels.

You collected 70 gold pieces.

Inventory:

Hand Weapons
 f - a +0 long sword (weapon)
 j - a +0 dagger
Armour
 b - a +0 buckler (worn)
 d - a +0 leather armour (worn)
Magical Staves
 h - a staff of air
Wands
 e - a wand of mindburst (14)
Scrolls
 a - a scroll of blinking {unknown}
 g - a scroll of summoning {unknown}
 k - 2 scrolls of identify {unknown}
 n - a scroll of teleportation {unknown}
 o - a scroll of fog {unknown}
Potions
 c - a potion of heal wounds
 i - a potion of cancellation {unknown}
 l - 2 potions of haste {unknown}
 m - a potion of curing {unknown}


   Skills:
 + Level 2.6 Fighting
 + Level 0.7 Short Blades
 + Level 0.7 Long Blades
 + Level 0.7 Axes
 + Level 0.7 Maces & Flails
 + Level 0.7 Polearms
 + Level 0.7 Staves
 + Level 0.7 Ranged Weapons
 + Level 0.7 Throwing
 + Level 0.7 Armour
 + Level 0.7 Dodging
 + Level 0.7 Stealth
 + Level 6.5 Shields
 + Level 0.7 Unarmed Combat
 + Level 2.8 Spellcasting
 + Level 0.5 Conjurations
 + Level 0.5 Hexes
 + Level 5.4 Summonings
 + Level 0.5 Necromancy
 + Level 0.5 Translocations
 + Level 0.5 Transmutations
 + Level 0.5 Fire Magic
 + Level 0.5 Ice Magic
 + Level 0.5 Air Magic
 + Level 0.5 Earth Magic
 + Level 0.5 Poison Magic
 + Level 0.9 Invocations
 + Level 4.5 Evocations


You had 6 spell levels left.
You knew the following spells:

 Your Spells              Type           Power      Damage    Failure   Level
a - Summon Small Mammal   Summ           48%        N/A       4%          1

Your spell library contained the following spells:

 Spells                   Type           Power      Damage    Failure   Level
 Call Canine Familiar     Summ           12%        N/A       16%         3


Dungeon Overview and Level Annotations

Branches:
Dungeon (2/15)

Altars:
Uskayaw

Shops:
D:1 !


Innate Abilities, Weirdness & Mutations

You have very sharp teeth.
Your uncanny sense of smell can sniff out nearby items.
Your experience applies equally to all skills.


Message History

Items here: ))) †††.
You closely miss the orc. You bite the orc, but do no damage.
The orc sings a few bars from the Orcish anthem.
The orc barely misses you.
You barely miss the orc. You bite the orc, but do no damage.
The orc barely misses you.
An orc priest comes into view. It is wielding a +0 mace.
The orc closely misses you.
The orc priest shouts!
You hit the orc.
The orc is severely wounded.
You hear an angry hiss.
The orc hits you with a +0 whip.
You can now pass through a line of other dancers.
You hit the orc.
You kill the orc!
An orc comes into view. It is wielding a +0 dagger.
A ball python comes into view.
You can no longer pass through a line of other dancers.
The orc priest miscasts a cantrip.
You hit the orc priest.
The orc priest is moderately wounded.
The orc priest begins to cast a cantrip, but forgets the words!
You block the orc priest's attack.
You barely miss the orc priest.
The orc priest is moderately wounded.
The orc priest hits you with a +0 mace.
You closely miss the orc priest.
The orc priest is moderately wounded.
The orc priest invokes the aid of Beogh against you.
Beogh smites you! You block the orc priest's attack.
You hit the orc priest.
The orc priest is severely wounded.
The orc priest hits you with a +0 mace!
* * * LOW HITPOINT WARNING * * *
You can now pass through a line of other dancers.
You completely miss the orc priest.
The orc priest is severely wounded.
The orc priest hits you with a +0 mace.
You die...

o. ##S# #.
#######o.##l?.$
...........$[# #.#
#)# ####)# #.oSo# ∆
#@#### #.# ∆ #.
#.#####.#####.# #.#
#.............#
#.###########.#######
#.##..........#
####.##.##########
...#.##.# ##....#.#


You could see an orc priest, an orc and a ball python.

Vanquished Creatures
  A dart slug (D:1)
  An orc (D:2)
  2 bats
  2 endoplasms
  A giant cockroach (D:1)
  3 goblins
  4 kobolds
  A ball python (D:1)
  2 frilled lizards
  2 rats (D:1)
19 creatures vanquished.

Vanquished Creatures (collateral kills)
  A ball python (D:1)
  An endoplasm (D:1)
  A goblin (D:1)
  A hobgoblin (D:1)
  3 rats (D:1)
7 creatures vanquished.

Grand Total: 26 creatures vanquished

Notes
Turn   | Place    | Note
-------+----------+-------------------------------------------
     0 | D:1      | Wobber the Gnoll Wanderer began the quest for the Orb.
     0 | D:1      | Wobber set off with the following items: a +0 club, a +0
                  | buckler, a potion of heal wounds, a +0 leather armour, a
                  | wand of mindburst (14); and the following spell memorised:
                  | Summon Small Mammal; and the following spells available to
                  | memorise: Call Canine Familiar.
     0 | D:1      | Reached XP level 1. HP: 17/17 MP: 4/4
   131 | D:1      | Found Cilalow's Distillery.
   186 | D:1      | Reached XP level 2. HP: 7/23 MP: 5/5
  1104 | D:1      | Found a faded altar of an unknown god.
  1123 | D:1      | Prayed at the altar of an unknown god.
  1123 | D:1      | Became a worshipper of Uskayaw the Reveller
  1123 | D:1      | Reached * piety under Uskayaw
  1359 | D:2      | Reached XP level 3. HP: 21/28 MP: 7/7
  1477 | D:2      | Reached ** piety under Uskayaw
  1491 | D:2      | Slain by an orc priest

Illustrated notes

Levels and vault maps discovered:
D:1:      dpeg_arrival_concentric_ovals, layout_loops_ring, serial_shops, shop,
          shapermc_ecumenical_altar_starsandcircs,
          chequers_serial_rivers_small_3, minmay_indecisive_spiral
D:2:      layout_loops_ring, minmay_tetromino_o4, uniq_crazy_yiuf_cottage

Action                   || total
-------------------------++-------
Melee: Club              ||    31
       Dagger            ||    31
       Long sword        ||    26
       Bite              ||     6
 Cast: Summon Small Mamm ||    15
Invok: Stomp             ||     1
Armor: Leather armour    ||    27
Dodge: Dodged            ||    46
Block: Buckler           ||    20
